 Dungeon Crawl Stone Soup version 0.30-a0-802-gb92711bcdf (webtiles) character file.

Game seed: 70854807915887549

655 Dittersdorf the Covered (level 7, -13/44 HPs)
             Began as a Gargoyle Fighter on Feb 24, 2023.
             Was a Follower of Okawaru.
             Killed from afar by Maggie (26 damage)
             ... with a bolt of fire
             ... on level 6 of the Dungeon.
             The game lasted 00:04:18 (3298 turns).

Dittersdorf the Covered (Gargoyle Fighter)          Turns: 3298, Time: 00:04:19

Health: -13/44     AC: 13    Str: 33    XL:     7   Next: 54%
Magic:  7/7        EV:  6    Int:  9    God:    Okawaru [*.....]
Gold:   278        SH: 16    Dex:  7    Spells: 6/6 levels left

rFire   . . .      SeeInvis .    a - +0 flail
rCold   . . .      Faith    .    s - +4 tower shield of the Poles {Str+6 Dex-2}
rNeg    + . .      Spirit   .    b - +0 scale mail
rPois   ∞          Reflect  .    (no helmet)
rElec   +          Harm     .    (no cloak)
rCorr   +          Rampage  .    (no gloves)
Will    .....                    y - +0 pair of boots Stlth
                                 (no amulet)
HPRegen 0.27/turn                j - ring of resist corrosion
MPRegen 0.10/turn                x - +6 ring of strength

@: mesmerised
A: sickness immunity, AC +4, negative energy resistance 1, electricity
resistance, torment resistance 1, petrification resistance
a: Renounce Religion, Heroism


You were on level 6 of the Dungeon.
You worshipped Okawaru.
Okawaru was aware of your devotion.
You visited 1 branch of the dungeon, and saw 6 of its levels.

You collected 278 gold pieces.

Inventory:

Hand Weapons
 a - a +0 flail (weapon)
Missiles
 e - 8 poisoned darts (quivered)
Armour
 b - a +0 scale mail (worn)
 s - the +4 tower shield of the Poles (worn) {Str+6 Dex-2}
   (You found it on level 3 of the Dungeon)

   Str:       It affects your strength (+6).
   Dex:       It affects your dexterity (-2).
 y - a +0 pair of boots (worn)
Jewellery
 j - a ring of resist corrosion (left hand)
 x - a +6 ring of strength (right hand)
Wands
 A - a wand of flame (15)
Scrolls
 c - a scroll of vulnerability {unknown}
 g - a scroll of acquirement {unknown}
 h - 2 scrolls of fog {unknown}
 k - 5 scrolls of teleportation
 o - 4 scrolls of brand weapon {unknown}
 p - a scroll of butterflies {unknown}
 q - 2 scrolls of enchant weapon {unknown}
 r - 2 scrolls of identify {unknown}
 t - 2 scrolls of amnesia {unknown}
 v - a scroll of poison {unknown}
 w - a scroll of magic mapping {unknown}
Potions
 d - 2 potions of might
 f - 4 potions of heal wounds {unknown}
 i - 4 potions of attraction {unknown}
 l - 2 potions of flight {unknown}
 m - a potion of degeneration {unknown}
 n - 2 potions of curing {unknown}
 u - a potion of resistance {unknown}
 z - a potion of mutation {unknown}


   Skills:
 + Level 5.4 Fighting
 + Level 4.3 Maces & Flails
 + Level 5.4 Armour
 + Level 5.4 Shields


You had 6 spell levels left.
You didn't know any spells.
Your spell library contained the following spells:

 Spells                   Type           Power      Damage    Failure   Level
 Sandblast                Erth           0%         2d4       100%        1
 Blink                    Tloc           0%         N/A       100%        2
 Passwall                 Tmut/Erth      0%         N/A       100%        2
 Poisonous Vapours        Pois/Air       0%         N/A       100%        2
 Gell's Gravitas          Tloc           0%         N/A       100%        3
 Mephitic Cloud           Conj/Pois/Air  0%         N/A       100%        3
 Portal Projectile        Hex/Tloc       0%         N/A       100%        3
 Stone Arrow              Conj/Erth      0%         3d7       100%        3
 Teleport Other           Tloc           0%         N/A       100%        3
 Manifold Assault         Tloc           0%         N/A       100%        4
 Blade Hands              Tmut           0%         N/A       100%        5
 Dispersal                Tloc           0%         N/A       100%        6
 Storm Form               Tmut/Air       0%         N/A       100%        7
 Cigotuvi's Dreadful Rot  Necr/Pois/Air  Unusable   N/A       N/A         2
 Tukima's Dance           Hex            Unusable   N/A       N/A         3

Dungeon Overview and Level Annotations

Branches:
Dungeon (6/15)             Temple (0/1) D:4

Altars:
Dithmenos
Elyvilon
Okawaru
Wu Jian

Annotations:
D:6 Maggie


Innate Abilities, Weirdness & Mutations

You are immune to sickness and miasma.
Your stone body is resilient. (AC +4)
You are immune to poison.
You resist negative energy. (rN+)
You are resistant to electric shocks. (rElec)
You are resistant to unholy torment.
You are immune to petrification.


Message History

Maggie attempts to bespell you!
You are mesmerised by Maggie!
Maggie hits you but does no damage.
You closely miss Maggie.
Maggie is moderately wounded.
You block Maggie's attack.
You sock Maggie!
Maggie is heavily wounded.
You block Maggie's attack.
Maggie hits you with a +1 long sword of flaming.
Maggie burns you.
You thump Maggie!
Maggie is severely wounded.
Maggie points at you and mumbles some strange words.
The bolt of fire hits you!
* * * LOW HITPOINT WARNING * * *
You are too injured to fight recklessly!
You are too injured to fight recklessly!
You are too injured to fight recklessly!
You are too injured to fight recklessly!
You are too injured to fight recklessly!
You are too injured to fight recklessly!
You are too injured to fight recklessly!
You are too injured to fight recklessly!
You are too injured to fight recklessly!
You are too injured to fight recklessly!
You are too injured to fight recklessly!
You are too injured to fight recklessly!
You are too injured to fight recklessly!
You are too injured to fight recklessly!
You are too injured to fight recklessly!
You are too injured to fight recklessly!
You are too injured to fight recklessly!
You are too injured to fight recklessly!
You thump Maggie!
Maggie is severely wounded.
Maggie gestures at you while chanting. The bolt of fire hits you!!
Ouch! That really hurt!
You die...

#.....# .....
..... ... ...
#######.#####
......@.....#
#@# ........#
#########


You could see Maggie (mesmerising).

Vanquished Creatures
  An ice beast (D:5)
  A black bear (D:4)
  2 phantoms (D:5)
  A scorpion (D:4)
  An orc priest (D:5)
  2 orc wizards (D:2)
  8 adders
  A white imp (D:5)
  2 ufetubi
  5 worms
  2 dart slugs
  11 orcs
  5 endoplasms
  4 giant cockroaches
  6 goblins
  6 hobgoblins
  5 jackals
  9 kobolds
  4 quokkas
  2 ball pythons
  5 bats
  2 frilled lizards (D:2)
  6 rats
91 creatures vanquished.

Vanquished Creatures (others)
  5 plants (D:3)
5 creatures vanquished.

Grand Total: 96 creatures vanquished

Notes
Turn   | Place    | Note
-------+----------+-------------------------------------------
     0 | D:1      | Dittersdorf the Gargoyle Fighter began the quest for the
                  | Orb.
     0 | D:1      | Reached XP level 1. HP: 14/14 MP: 1/1
   176 | D:1      | Reached XP level 2. HP: 19/19 MP: 2/2
   693 | D:2      | Reached XP level 3. HP: 24/24 MP: 3/3
   794 | D:2      | Reached XP level 4. HP: 20/29 MP: 4/4
   872 | D:2      | Found an iron altar of Okawaru.
   880 | D:2      | Became a worshipper of Warmaster Okawaru
  1035 | D:2      | Reached XP level 5. HP: 26/33 MP: 5/5
  1487 | D:3      | Identified the +4 tower shield of the Poles {Str+6 Dex-2}
  1652 | D:3      | Found a shadowy altar of Dithmenos.
  1676 | D:3      | Found an iron altar of Okawaru.
  1902 | D:3      | Found a white marble altar of Elyvilon.
  2061 | D:4      | Reached XP level 6. HP: 33/39 MP: 6/6
  2250 | D:4      | Found a staircase to the Ecumenical Temple.
  2355 | D:4      | Noticed a black bear
  2364 | D:4      | Killed a black bear
  2364 | D:4      | Reached * piety under Okawaru
  2531 | D:5      | Entered Level 5 of the Dungeon
  2871 | D:5      | Reached skill level 5 in Fighting
  2871 | D:5      | Reached skill level 5 in Armour
  2871 | D:5      | Reached skill level 5 in Shields
  2871 | D:5      | Reached XP level 7. HP: 44/44 MP: 7/7
  3199 | D:5      | Found an ornate altar of the Wu Jian Council.
  3279 | D:6      | Noticed Maggie
  3298 | D:6      | Killed from afar by Maggie

Illustrated notes

Levels and vault maps discovered:
D:1:      lemuel_arrival_room, layout_loops_ring
D:2:      layout_rooms, basic_altar, minmay_pentomino_pile
D:3:      layout_rooms, nicolae_dithmenos_the_darkroom, okawaru_trees_2,
          nicolae_elyvilon_temple_path
D:4:      layout_cave_pools, minmay_temple_entry_poolview, minmay_bisected
D:5:      layout_basic, overflow_temple_1_default, nicolae_wormholes
D:6:      layout_loops_ring, uniq_sigmund, uniq_maggie, uniq_menkaure

Skill      XL: |  1  2  3  4  5  6  7 |
---------------+----------------------+-----
Armour         | 4 5 |  5.4
Fighting       | 4 5 |  5.4
Shields        | 4 5 |  5.4
Maces & Flails | 3 4 |  4.3

Action                     |  1- 3 |  4- 6 |  7- 9 || total
---------------------------+-------+-------+-------++-------
  Melee: Flail             |    66 |   216 |    44 ||   326
    Use: Scroll            |       |     1 |       ||     1
 Armour: Scale mail        |    35 |   117 |    31 ||   183
  Dodge: Dodged            |    22 |    52 |     8 ||    82
  Block: Buckler           |    18 |    15 |       ||    33
         Tower shield      |       |   160 |    47 ||   207

Table legend: (Time is in decaauts)
 A = Elapsed time spent in this place.
 B = Non-inter-level travel time spent in this place.
 C = Inter-level travel time spent in this place.
 D = Time resting spent in this place.
 E = Time spent auto-exploring this place.
 F = Levels seen in this place.
 G = Mean time per level.
                   A        B        C        D        E       F      G
               +--------+--------+--------+--------+--------+-----+--------+
         Total |   3449 |   3299 |    150 |    137 |   2305 |   6 |  574.8 |
       Dungeon |   3449 |   3299 |    150 |    137 |   2305 |   6 |  574.8 |
               +--------+--------+--------+--------+--------+-----+--------+

Top non-repeatable levels by time:
     D:5: 791 daAuts
     D:2: 740 daAuts
     D:1: 704 daAuts
     D:3: 625 daAuts
     D:4: 558 daAuts
     D:6: 28 daAuts
